Map: [ESL] Oceanborn

Players

Creator

  • Race: Protoss Protoss
  • Spawn Location: 11:00

Lambo - Winner!

  • Race: Zerg Zerg
  • Spawn Location: 5:00

Event: IEM Katowice 2024

VOD

Have the link to the VOD?

Description

Time

  • Played on: Dec. 9, 2023, 8:41 p.m.
  • Length: 12:27

All games in this series

Show
View Real Time Build Order
Export as new Build Order

Creator Protoss 

Build Orders: 1 Gate Expand, Colossus Rush 

Get SALT Encoding   

  12  0:00  Probe  
  13  0:13  Pylon  
  13  0:17  Probe (Chrono Boost)  
  14  0:27  Probe (Chrono Boost)  
  15  0:32  Probe (Chrono Boost)  
  16  0:38  Gateway  
  16  0:44  Probe  
  16  0:49  Assimilator  
  17  0:56  Probe  
  18  1:08  Probe  
  19  1:20  Probe  
  19  1:25  Nexus  
  20  1:34  Cybernetics Core  
  20  1:36  Probe  
  21  1:42  Assimilator  
  21  1:48  Probe  
  21  1:51  Pylon  
  22  2:00  Probe  
  23  2:08  Adept (Chrono Boost)  
  23  2:12  Probe  
  26  2:23  Warp Gate  
  26  2:24  Probe  
  26  2:26  Robotics Facility  
  27  2:31  Stalker  
  29  2:38  Probe x2 (Chrono Boost)  
  31  2:47  Probe x2 (Chrono Boost)  
  33  2:52  Probe x2 (Chrono Boost)  
  35  3:03  Gateway  
  35  3:04  Probe x2  
  37  3:14  Robotics Bay  
  37  3:15  Adept  
  37  3:16  Probe x2  
  41  3:26  Warp Prism  
  41  3:31  Probe  
  41  3:33  Pylon  
  44  3:37  Pylon, Probe  
  45  3:43  Probe  
  45  3:45  Pylon  
  46  3:51  Probe  
  46  3:54  Assimilator  
  47  3:55  Probe  
  47  3:59  Pylon  
  47  4:00  Disruptor (Chrono Boost)  
  47  4:01  Gravitic Drive (Chrono Boost), Assimilator  
  52  4:11  Adept x2  
  52  4:13  Probe x2  
  58  4:25  Probe  
  58  4:26  Disruptor (Chrono Boost), Probe  
  58  4:30  Gateway  
  64  4:36  Adept x2  
  64  4:37  Probe  
  64  4:38  Probe  
  66  4:47  Shield Battery  
  66  4:48  Pylon  
  66  4:50  Probe x2  
  66  4:51  Colossus (Chrono Boost)  
  68  4:56  Sentry, Zealot  
  78  5:06  Probe  
  79  5:09  Nexus  
  79  5:15  Twilight Council  
  79  5:23  Forge  
  79  5:24  Probe x2  
  81  5:29  Pylon  
  81  5:36  Probe x2  
  81  5:40  Sentry  
  85  5:48  Stalker x2, Shield Battery, Probe x2  
  91  5:50  Blink  
  91  5:52  Observer  
  91  5:54  Protoss Ground Weapons Level 1 (Chrono Boost)  
  92  6:00  Probe  
  92  6:01  Probe  
  94  6:05  Pylon x2  
  94  6:10  Gateway  
  94  6:20  Disruptor  
  94  6:21  Probe x2  
  94  6:22  Probe  
  101  6:26  Sentry  
  101  6:27  Stalker x2  
  107  6:35  Gateway, Probe x3  
  107  6:39  Assimilator  
  110  6:40  Assimilator  
  110  6:43  Dark Shrine  
  110  6:46  Pylon  
  110  6:51  Stalker x2  
  114  6:54  Stalker  
  114  6:59  Probe x3  
  119  7:03  Pylon  
  119  7:10  Photon Cannon  
  119  7:12  Gateway  
  123  7:15  Immortal  
  123  7:21  Gateway, Stalker x2  
  127  7:23  Gateway  
  127  7:35  Photon Cannon  
  127  7:37  Photon Cannon  
  127  7:42  Sentry, Stalker x2  
  133  7:54  Shield Battery  
  133  7:56  Charge  
  133  8:01  Pylon  
  133  8:02  Probe  
  133  8:03  Probe x2  
  136  8:10  Protoss Ground Weapons Level 2 (Chrono Boost)  
  136  8:11  Stalker x2  
  140  8:14  Nexus  
  140  8:22  Stalker x4  
  148  8:27  Pylon  
  148  8:40  Pylon  
  148  8:45  Immortal  
  148  8:47  Probe x3  
  153  8:52  Photon Cannon  
  153  8:53  Stargate  
  153  8:54  Shield Battery  
  147  8:56  Pylon  
  147  9:02  Robotics Facility, Probe x3  
  150  9:14  Probe x2  
  150  9:15  Probe  
  150  9:16  Assimilator  
  153  9:18  Assimilator  
  153  9:23  Stargate  
  153  9:24  Observer  
  153  9:27  Probe x3  
  153  9:28  Probe  
  158  9:35  Shield Battery  
  158  9:36  Photon Cannon  
  156  9:40  Fleet Beacon  
  156  9:43  Nexus  
  156  9:45  Pylon  
  156  9:48  Immortal (Chrono Boost)  
  156  9:49  Pylon  
  156  9:51  Templar Archives  
  156  9:52  Oracle, Pylon  
  167  9:53  Immortal (Chrono Boost)  
  163  10:04  Photon Cannon  
  163  10:10  Stargate  
  163  10:11  Pylon  
  163  10:18  Pylon  
  163  10:20  Immortal  
  167  10:25  Disruptor  
  151  10:32  Stalker x8  
  151  10:35  Carrier (Chrono Boost)  
  161  10:55  Zealot x5  
  162  10:58  Disruptor  
  162  11:01  Disruptor  
  155  11:17  High Templar x2  
  149  11:22  Nexus  
  148  11:26  Stalker x4  
  148  11:34  Disruptor  
  148  11:37  High Templar x2, Disruptor  
  154  11:42  Archon  
  146  11:54  Zealot x6  
  145  11:56  Archon  
  151  12:11  Zealot x2  
Show
View Real Time Build Order
Export as new Build Order

Lambo Zerg - Winner!

Build Orders: Hatch First, Lurkers, Roach Hydra 

Get SALT Encoding   

  12  0:00  Drone  
  13  0:09  Drone  
  14  0:15  Extractor  
  14  0:16  Drone  
  15  0:36  Hatchery  
  15  0:41  Extractor, Drone  
  14  0:47  Overlord  
  15  1:03  Spawning Pool  
  14  1:06  Drone  
  15  1:11  Drone  
  15  1:14  Drone  
  17  1:19  Drone  
  17  1:25  Extractor  
  17  1:27  Drone  
  18  1:40  Drone  
  19  1:48  Drone  
  19  1:50  Queen x2  
  24  1:54  Drone  
  24  1:58  Zergling x2  
  26  2:03  Overlord  
  26  2:09  Drone  
  26  2:11  Zergling x2  
  28  2:24  Drone x2  
  30  2:33  Hatchery  
  30  2:35  Drone  
  30  2:40  Metabolic Boost  
  30  2:43  Drone  
  31  2:47  Drone  
  31  2:49  Overlord  
  32  2:55  Drone  
  33  3:00  Queen  
  33  3:02  Drone  
  36  3:09  Overlord  
  36  3:10  Drone x3  
  39  3:14  Drone  
  39  3:16  Drone  
  41  3:20  Queen  
  41  3:24  Drone  
  44  3:28  Drone  
  44  3:34  Drone x3  
  48  3:39  Overlord  
  48  3:40  Roach Warren  
  47  3:45  Zergling x2  
  47  3:46  Drone x2  
  50  3:50  Queen  
  50  3:52  Drone  
  53  3:57  Drone  
  53  3:58  Queen  
  56  4:05  Drone  
  56  4:06  Zergling x4  
  56  4:07  Drone  
  56  4:08  Zergling x4  
  62  4:10  Overlord  
  61  4:19  Zergling x4  
  61  4:20  Roach, Overlord  
  65  4:24  Spore Crawler  
  65  4:31  Roach x4  
  72  4:35  Spore Crawler  
  71  4:40  Drone x7  
  71  4:42  Extractor  
  71  4:45  Drone  
  78  4:47  Drone  
  78  4:48  Drone x2  
  78  4:52  Extractor, Lair  
  81  4:59  Overlord  
  81  5:02  Overlord  
  81  5:03  Extractor  
  81  5:05  Drone  
  81  5:07  Overlord  
  81  5:11  Overlord  
  81  5:22  Drone x2  
  81  5:24  Drone  
  81  5:27  Drone  
  81  5:28  Roach x7  
  99  5:34  Drone  
  98  5:37  Drone  
  98  5:41  Roach x3  
  98  5:42  Drone x3  
  108  5:45  Overlord  
  108  5:46  Extractor  
  107  5:52  Overlord  
  107  5:54  Glial Reconstitution  
  107  5:57  Overlord  
  107  5:58  Overlord  
  107  5:59  Overlord  
  107  6:00  Overseer  
  107  6:01  Overlord  
  107  6:02  Overlord  
  107  6:04  Overlord  
  107  6:07  Overlord  
  107  6:10  Roach x2  
  111  6:11  Ravager  
  111  6:15  Drone  
  111  6:16  Ravager x2, Hatchery  
  114  6:20  Zergling x2, Roach  
  114  6:21  Zergling x8  
  114  6:22  Drone  
  122  6:26  Drone x2  
  122  6:29  Extractor  
  123  6:33  Drone  
  123  6:35  Infestation Pit  
  123  6:37  Drone x2  
  123  6:38  Drone x2  
  123  6:39  Drone  
  128  6:41  Drone  
  128  6:44  Drone x2  
  128  6:46  Hydralisk Den  
  130  6:47  Drone x3  
  130  6:48  Overlord  
  130  6:50  Overlord, Ravager x3  
  136  6:56  Drone x2  
  136  6:59  Drone  
  139  7:02  Drone  
  139  7:04  Drone  
  139  7:05  Drone  
  142  7:09  Drone  
  142  7:12  Hive  
  142  7:13  Extractor  
  142  7:14  Extractor  
  141  7:19  Drone x3  
  141  7:20  Drone x3, Lurker Den, Hatchery  
  145  7:28  Roach  
  145  7:29  Roach x2  
  151  7:35  Hydralisk x3  
  157  7:39  Drone x2  
  157  7:41  Muscular Augments  
  157  7:43  Hydralisk x2  
  163  7:47  Drone  
  163  7:48  Overlord  
  164  7:55  Drone  
  164  7:56  Spine Crawler  
  164  8:12  Drone x2, Evolution Chamber  
  165  8:13  Drone x2  
  165  8:14  Evolution Chamber  
  165  8:16  Spine Crawler  
  165  8:20  Drone  
  165  8:23  Roach  
  165  8:24  Viper x3, Roach x2, Spine Crawler  
  165  8:25  Spore Crawler  
  177  8:40  Seismic Spines  
  172  8:49  Zerg Missile Weapons Level 1, Zerg Ground Armor Level 1, Grooved Spines  
  172  8:50  Roach x9  
  172  8:54  Overlord  
  189  8:56  Lurker x3  
  189  9:01  Spine Crawler  
  189  9:02  Spine Crawler  
  190  9:04  Drone x2  
  190  9:05  Drone x2  
  194  9:15  Lurker x2  
  196  9:20  Extractor  
  196  9:21  Extractor  
  196  9:22  Spine Crawler  
  193  9:26  Overseer  
  193  9:30  Hydralisk x2  
  193  9:31  Hydralisk  
  197  9:35  Spine Crawler  
  197  9:39  Spine Crawler  
  197  9:43  Hydralisk x3  
  192  9:45  Spore Crawler  
  192  9:47  Adaptive Talons  
  192  9:51  Spore Crawler  
  190  9:59  Pneumatized Carapace  
  190  10:00  Overseer  
  190  10:03  Lurker x2  
  190  10:06  Drone x3  
  196  10:07  Drone x3, Lurker  
  196  10:09  Drone  
  196  10:11  Spine Crawler  
  196  10:12  Spine Crawler  
  198  10:15  Drone x2  
  198  10:17  Spine Crawler  
  185  10:34  Hydralisk  
  185  10:35  Hydralisk x5  
  181  10:39  Hydralisk  
  187  10:44  Roach x6  
  197  10:51  Zergling x14  
  194  10:58  Roach x3  
  200  11:06  Hydralisk  
  192  11:14  Zergling x30  
  198  11:27  Overseer x2  
  198  11:30  Spine Crawler  
  198  11:31  Spine Crawler  
  189  11:35  Zergling x32  
  191  11:49  Roach x5  
  196  12:00  Hydralisk x2  

Tags
 
Add a new tag
Caveats
  • Supply blocks, unpowered buildings, or Contaminate may cause inaccurate times.
  • Supply counts are checked every 10 seconds.